AoeStats
← Maserati

Golden Pit

509329433Analyzed
1v1 RM · 22d ago on Sep 26, 2026· 21m 40s· 2 players
Game mode
Random Map
Map size
Tiny (2 player)
Population
200
Speed
Normal
Resources
Standard
Victory
Conquest
Starting age
Dark Age
Ending age
Imperial Age
RankedLock teamsTeams togetherTeam positionsShared explorationLock speedFull tech treeHidden civsTurbo modeCheats
Victory
Defeat
🇹🇷 Teutons · Türkiye
846
+15
vs
🇪🇸 Bulgarians · Spain
832
-15
Maserati
2:48 Loom
13:08 Feudal Age
14:30 Wheelbarrow
21:22 Castle Age
19:41 Stone Mining
21:07 Double-Bit Axe
21:11 Horse Collar
nafver
6:39 Loom
6:46 Loom
10:53 Feudal Age
11:25 Double-Bit Axe
11:24 Horse Collar
14:46 Forging
17:03 Bloodlines
17:54 Wheelbarrow
19:14 Scale Barding Armor
19:57 Town Watch
Connection lost

Rejoining the realm…

Still unreachable

The connection could not be restored.

Session expired

The server has moved on; the page needs a fresh start.